 Dungeon Crawl Stone Soup version 0.30.1 (webtiles) character file.

Game seed: 10131053622382599566

18263 Peloso the Carver (level 12, -1/108 HPs)
             Began as a Minotaur Fighter on July 8, 2023.
             Was a High Priest of Okawaru.
             Slain by a catoblepas (8 damage)
             ... in a Gauntlet.
             The game lasted 00:29:34 (14988 turns).

Peloso the Carver (Minotaur Fighter)               Turns: 14988, Time: 00:29:35

Health: -1/108     AC: 14    Str: 24    XL:     12   Next: 26%
Magic:  12/12      EV:  6    Int:  5    God:    Okawaru [*****.]
Gold:   1396       SH: 12    Dex: 18    Spells: 11/11 levels left

rFire   + . .        a - +4 scimitar (flame)
rCold   . . .        c - +0 buckler
rNeg    . . .        g - +1 chain mail {rF+}
rPois   +            O - +0 hat {Stlth+}
rElec   .            z - +0 cloak {Will+}
rCorr   .            (no gloves)
SInv    .            (no boots)
Will    +....        l - amulet of reflection
Stlth   +            j - ring of poison resistance
HPRegen 0.38/turn    v - +6 ring of dexterity
MPRegen 0.13/turn

%: no teleportation, reflection
@: petrifying, studying Unarmed Combat, very slow
A: horns 2, retaliatory headbutt
a: Renounce Religion, Heroism, Finesse, Duel


You were in a Gauntlet.
You worshipped Okawaru.
Okawaru was extremely pleased with you.
You visited 3 branches of the dungeon, and saw 14 of its levels.
You also visited: Bailey and Gauntlet.

You collected 1396 gold pieces.

Inventory:

Hand Weapons
 a - a +4 scimitar of flaming (weapon)
 b - the +1 hammer of the Middle {holy, Dex+3}
   (You found it on level 3 of the Dungeon)

   Dex:       It affects your dexterity (+3).
Armour
 c - a +0 buckler (worn)
 g - a +1 chain mail of fire resistance (worn)
 z - a +0 cloak of willpower (worn)
 F - a +0 plate armour
 O - a +0 hat of stealth (worn)
Jewellery
 d - an amulet of guardian spirit
 f - a ring of protection from fire
 j - a ring of poison resistance (left hand)
 l - an amulet of reflection (around neck)
 q - a ring of resist corrosion
 v - a +6 ring of dexterity (right hand)
 w - an amulet of faith
 x - a ring of ice
 B - a +5 ring of evasion
 C - an amulet of magic regeneration
 J - an amulet of the acrobat
Wands
 p - a wand of paralysis (4)
 r - a wand of roots (3)
 s - a wand of digging (1)
 M - a wand of polymorph (2)
Scrolls
 e - a scroll of blinking
 h - 3 scrolls of fog
 i - 3 scrolls of enchant armour
 u - 7 scrolls of teleportation
 y - 3 scrolls of magic mapping
 A - a scroll of acquirement {unknown}
 D - a scroll of silence
 I - a scroll of butterflies
 L - 2 scrolls of enchant weapon
 N - a scroll of amnesia
Potions
 k - 4 potions of curing
 m - 4 potions of flight
 n - 2 potions of brilliance
 o - 3 potions of invisibility
 t - 2 potions of cancellation
 E - a potion of mutation
 G - a potion of haste {unknown}
 H - 3 potions of degeneration {unknown}
 K - a potion of magic {unknown}


   Skills:
 + Level 10.6 Fighting
 + Level 13.8 Long Blades
 + Level 1.3 Maces & Flails
 + Level 11.8 Armour
 + Level 5.1 Dodging
 + Level 2.8 Stealth
 + Level 11.5 Shields
 + Level 1.5 Invocations
 + Level 1.8 Evocations


You had 11 spell levels left.
You didn't know any spells.
Your spell library contained the following spells:

 Spells                   Type           Power      Damage    Failure   Level
 Apportation              Tloc           0%         N/A       94%         1
 Necrotise                Necr           0%         1d4       94%         1
 Ensorcelled Hibernation  Hex/Ice        0%         N/A       98%         2
 Scorch                   Fire           0%         2d5       98%         2
 Sublimation of Blood     Necr           0%         N/A       98%         2
 Wereblood                Tmut           0%         N/A       98%         2
 Spider Form              Tmut/Pois      0%         N/A       100%        3
 Anguish                  Hex/Necr       0%         N/A       100%        4
 Flame Wave               Conj/Fire      0%         2d4       100%        4
 Passage of Golubria      Tloc           0%         N/A       100%        4
 Yara's Violent Unravell  Hex/Tmut       0%         3d3       100%        5
 Summon Small Mammal      Summ           Unusable   N/A       N/A         1
 Tukima's Dance           Hex            Unusable   N/A       N/A         3
 Summon Cactus Giant      Summ           Unusable   N/A       N/A         6
 Summon Hydra             Summ           Unusable   N/A       N/A         7

Dungeon Overview and Level Annotations

Branches:
Dungeon (11/15)            Temple (1/1) D:6            Lair (2/5) D:11
    Orc (0/2) D:10         Bailey (visited)         Gauntlet (1/1)
  Swamp: Lair:2-3    Shoals: Lair:2-3     Snake: Lair:2-3    Spider: Lair:2-3

Altars:
Ashenzari
Cheibriados
Dithmenos
Elyvilon
Fedhas
Gozag
Hepliaklqana
Kikubaaqudgha
Makhleb
Nemelex Xobeh
Okawaru
Qazlal
Ru
Sif Muna
Trog
Uskayaw
Vehumet
Wu Jian
Xom
Yredelemnul
Zin
The Shining One

Shops:
D:4 !((   D:5 *   D:11 (

Annotations:
D:5 2 transporters, topfpfpflanze's ghost, amateur FeAE Gauntlet 17 transporters, exclusion: oklob plant


Innate Abilities, Weirdness & Mutations

You have a pair of horns on your head.
You reflexively headbutt those who attack you in melee.


Message History

You block the gargoyle's attack.
Unknown command.
You hit the gargoyle. You burn the gargoyle.
The gargoyle is severely damaged.
Unknown command.
You hit the catoblepas but do no damage.
The catoblepas is lightly wounded.
Unknown command.
You hit the catoblepas but do no damage.
The catoblepas is lightly wounded.
Unknown command.
You hit the catoblepas. You burn the catoblepas.
The catoblepas is lightly wounded.
You block the gargoyle's attack. The catoblepas barely misses you.
Unknown command.
You slash the catoblepas! You burn the catoblepas.
You headbutt the catoblepas, but do no damage.
The catoblepas is moderately wounded.
The gargoyle hits you with a +0 flail.
* * * LOW HITPOINT WARNING * * *
The catoblepas roars fiercely, eyes lowered.
The catoblepas gores you!
* * * LOW HITPOINT WARNING * * *
You slash the catoblepas! You burn the catoblepas.
The catoblepas is moderately wounded.
Unknown command.
You hit the catoblepas. You burn the catoblepas.
The catoblepas is moderately wounded.
The catoblepas breathes a plume of calcifying dust at you.
The blast of calcifying dust hits you but does no damage.
The gargoyle hurls a stone arrow at you.
The stone arrow hits you!
* * * LOW HITPOINT WARNING * * *
You hit the catoblepas but do no damage.
You headbutt the catoblepas.
The catoblepas is heavily wounded.
You are engulfed in calcifying dust.
You are slowing down.
The catoblepas gores you!
You die...

............©...................#
######.###########.###########..#
..g#^#.#.≈...≈≈..#.#.........#..#
##.###.#.≈..≈..≈.#.#.#.....#.#...
##.xg#.#.≈≈.≈≈.≈©#.#..##.##..#...
...###.#..§...≈.≈#.#..##.##.|###.
##.###.#§≈.≈.≈..≈#.#..#.©.#P©#©#.
##..g#.#.§§§≈≈.9Y#.#D.##.##..#.#.
.©.###.#§§≈...≈≈@#.#D.## ##.)#.#.
##.###.#.§.≈.§§§§#.#.#.....#.#.#.
###..#.#§≈.?©.§§§#.#.........#.#.
##############################.#.
≈#©.........©.........©#≈≈8≈§#.#.
##############################.##
......©#§§≈≈8≈§≈≈#©...........©..
#################################
.#....2....#.#.........#.#.......


You could see a catoblepas, 2 acid dragons and a gargoyle.

Vanquished Creatures
  Erica (D:8)
  A boulder beetle (D:11)
  6 two-headed ogres
  Pikel (D:6)
  An ugly thing (D:11)
  A black mamba (Lair:1)
  A gargoyle (Gauntlet)
  A cane toad (Lair:1)
  2 trolls
  Grinder (D:5)
  Prince Ribbit (D:5)
  3 vampires
  2 basilisks (D:11)
  18 yaks
  2 wyverns
  Eustachio (D:4)
  Menkaure (D:5)
  5 steam dragons
  3 vampire mosquitoes (D:11)
  Edmund (D:5)
  5 water moccasins
  An acid dragon (D:11)
  9 orc warriors
  2 black bears
  3 ice beasts (D:7)
  A sky beast (D:7)
  3 ogres
  A centaur (D:8)
  A phantom (D:5)
  A lemure (D:6)
  15 kobold brigands
  4 bullfrogs
  5 gnoll sergeants
  5 scorpions
  4 wights (D:5)
  9 killer bees
  4 howler monkeys
  An electric eel (D:11)
  A jelly (D:7)
  3 gnoll boudas
  3 hounds
  Crazy Yiuf (D:3)
  3 orc priests
  A sleepcap (D:7)
  Jessica (D:3)
  5 iguanas
  Ijyb (D:5)
  Terence (D:3)
  Natasha (twice) (D:2)
  7 orc wizards
  29 gnolls
  5 adders
  3 white imps
  An ufetubus (D:7)
  3 worms
  23 orcs
  2 endoplasms (D:3)
  3 giant cockroaches
  4 goblins
  7 hobgoblins
  4 jackals (D:2)
  A quokka (D:3)
  6 ball pythons
  6 bats
  3 frilled lizards (D:2)
  27 kobolds
  4 rats
287 creatures vanquished.

Vanquished Creatures (others)
  A kobold brigand (D:10)
  An adder (D:6)
  A shadow imp (D:6)
3 creatures vanquished.

Grand Total: 290 creatures vanquished

Notes
Turn   | Place    | Note
-------+----------+-------------------------------------------
     0 | D:1      | Peloso the Minotaur Fighter began the quest for the Orb.
     0 | D:1      | Reached XP level 1. HP: 19/19 MP: 0/0
    48 | D:1      | Found a faded altar of an unknown god.
   814 | D:2      | Noticed Natasha
   820 | D:2      | Noticed a cerulean imp
   822 | D:2      | Noticed a cerulean imp
   823 | D:2      | Reached XP level 2. HP: 23/27 MP: 1/1
   832 | D:2      | Killed Natasha
   833 | D:2      | Reached XP level 3. HP: 6/33 MP: 2/2
   835 | D:2      | Found a radiant altar of Vehumet.
  1163 | D:2      | Noticed Natasha
  1171 | D:2      | Killed Natasha
  1172 | D:2      | Reached skill level 3 in Long Blades
  1172 | D:2      | Reached XP level 4. HP: 40/40 MP: 3/3
  1514 | D:3      | Noticed Terence
  1525 | D:3      | Killed Terence
  1536 | D:3      | Reached skill level 1 in Dodging
  1553 | D:3      | Noticed Jessica
  1703 | D:3      | Killed Jessica
  1704 | D:3      | Reached XP level 5. HP: 47/47 MP: 4/4
  2068 | D:3      | Found a runed translucent door.
  2069 | D:3      | Noticed Crazy Yiuf
  2170 | D:3      | Reached skill level 5 in Shields
  2221 | D:3      | Reached skill level 4 in Long Blades
  2390 | D:4      | Reached XP level 6. HP: 34/55 MP: 5/5
  2516 | D:4      | Reached skill level 5 in Armour
  2551 | D:4      | Found Ditergh's Distillery.
  2555 | D:4      | Found Qidur's Weapon Boutique.
  2556 | D:4      | Found Tedaoner's Weapon Shop.
  3039 | D:5      | Entered Level 5 of the Dungeon
  3039 | D:5      | Noticed topfpfpflanze's ghost (amateur FeAE)
  3039 | D:5      | Found a transporter.
  3044 | D:5      | Noticed a yak
  3111 | D:5      | Noticed Eustachio
  3178 | D:4      | Killed Eustachio
  3179 | D:4      | Reached skill level 5 in Fighting
  3179 | D:4      | Reached skill level 5 in Long Blades
  3179 | D:4      | Reached XP level 7. HP: 52/61 MP: 6/6
  3330 | D:5      | Noticed Prince Ribbit
  3345 | D:5      | Killed Prince Ribbit
  3346 | D:5      | Reached skill level 6 in Long Blades
  3483 | D:5      | Found Veodghi's Assorted Antiques.
  3495 | D:5      | Found a hazy altar of Hepliaklqana.
  3573 | D:5      | Noticed Ijyb
  3580 | D:5      | Paralysed by Ijyb for 3 turns
  3586 | D:5      | Killed Ijyb
  3633 | D:5      | Noticed Edmund
  3645 | D:5      | Killed Edmund
  3646 | D:5      | Reached skill level 1 in Stealth
  3646 | D:5      | Reached XP level 8. HP: 49/69 MP: 7/7
  3769 | D:5      | Noticed Menkaure
  3779 | D:5      | Killed Menkaure
  3840 | D:5      | Noticed Grinder
  3845 | D:5      | Paralysed by Grinder for 5 turns
  4059 | D:5      | Found a transporter.
  4268 | D:5      | Killed Grinder
  4269 | D:5      | Reached skill level 7 in Long Blades
  4430 | D:5      | Found a blossoming altar of Fedhas.
  4434 | D:5      | Found an ancient bone altar of Kikubaaqudgha.
  5423 | D:5      | Reached skill level 8 in Long Blades
  5423 | D:5      | Reached XP level 9. HP: 78/78 MP: 8/8
  5758 | D:6      | Noticed Pikel
  5783 | D:6      | Killed Pikel
  6128 | D:6      | Found a staircase to the Ecumenical Temple.
  6156 | Temple   | Entered the Ecumenical Temple
  6732 | D:3      | Killed Crazy Yiuf
  6751 | D:3      | Identified the +1 hammer of the Middle {holy, Dex+3}
  6935 | D:7      | Noticed a two-headed ogre
  6952 | D:7      | Found a flagged portal.
  6961 | Bailey   | Entered a bailey
  6988 | Bailey   | Reached skill level 9 in Long Blades
  7308 | Bailey   | Reached skill level 1 in Maces & Flails
  7570 | Bailey   | Found an iron altar of Okawaru.
  7578 | Bailey   | Became a worshipper of Warmaster Okawaru
  7655 | D:7      | Reached XP level 10. HP: 86/86 MP: 9/9
  7781 | D:7      | Reached skill level 10 in Long Blades
  7984 | D:7      | Killed a two-headed ogre
  7984 | D:7      | Reached * piety under Okawaru
  8274 | D:8      | Found a shimmering altar of Xom.
  8280 | D:8      | Found an iron altar of Okawaru.
  8761 | D:8      | Noticed Erica
  9050 | D:8      | Killed Erica
  9051 | D:8      | Reached skill level 10 in Shields
  9051 | D:8      | Reached skill level 1 in Evocations
  9235 | D:8      | Reached skill level 1 in Invocations
  9420 | D:9      | Reached ** piety under Okawaru
  9421 | D:9      | Reached skill level 11 in Long Blades
  9729 | D:9      | Identified the +8 falchion "Wyidoc" {drain, rC- Str-3
                  | Int+5}
 10251 | D:9      | Reached *** piety under Okawaru
 10252 | D:9      | Reached XP level 11. HP: 81/95 MP: 10/10
 10331 | D:10     | Entered Level 10 of the Dungeon
 10497 | D:10     | Reached skill level 10 in Armour
 10555 | D:10     | Noticed a two-headed ogre
 10569 | D:10     | Killed a two-headed ogre
 10637 | D:10     | Found a staircase to the Orcish Mines.
 10707 | D:10     | Found a bloodstained altar of Trog.
 10707 | D:10     | Noticed a two-headed ogre
 10715 | D:10     | Killed a two-headed ogre
 10716 | D:10     | Reached skill level 12 in Long Blades
 10734 | D:10     | Reached **** piety under Okawaru
 11244 | D:10     | Noticed a two-headed ogre
 11252 | D:10     | Killed a two-headed ogre
 11708 | D:11     | Noticed a boulder beetle
 11745 | D:11     | Killed a boulder beetle
 11984 | D:11     | Noticed a two-headed ogre
 11990 | D:11     | Killed a two-headed ogre
 12017 | D:11     | Noticed a white ugly thing
 12026 | D:11     | Killed a white ugly thing
 12337 | D:11     | Reached skill level 13 in Long Blades
 12384 | D:11     | Found Ecwozag's Antique Weapon Shoppe.
 12395 | D:11     | Noticed a two-headed ogre
 12422 | D:11     | Killed a two-headed ogre
 12510 | D:11     | Reached skill level 10 in Fighting
 12612 | D:11     | Found a staircase to the Lair.
 12869 | D:11     | Reached ***** piety under Okawaru
 12870 | D:11     | Reached XP level 12. HP: 106/106 MP: 12/12
 13360 | D:11     | Received a gift from Okawaru
 13667 | Lair:1   | Entered Level 1 of the Lair of Beasts
 14528 | Lair:2   | Reached skill level 5 in Dodging
 14543 | Lair:2   | Found a gate leading to a gauntlet.
 14552 | Gauntlet | Entered a Gauntlet
 14552 | Gauntlet | Found a transporter.
 14554 | Gauntlet | Noticed a catoblepas
 14560 | Gauntlet | Found a transporter.
 14562 | Gauntlet | Found a transporter.
 14564 | Gauntlet | Found a transporter.
 14581 | Gauntlet | Found a transporter.
 14594 | Gauntlet | Found a transporter.
 14602 | Gauntlet | Noticed a hell beast
 14603 | Gauntlet | Found a transporter.
 14619 | Gauntlet | Found a transporter.
 14638 | Gauntlet | Found a transporter.
 14669 | Gauntlet | Found a transporter.
 14698 | Gauntlet | Noticed a reaper
 14699 | Gauntlet | Found a transporter.
 14711 | Gauntlet | Found a transporter.
 14716 | Gauntlet | Found a transporter.
 14718 | Gauntlet | Found a transporter.
 14718 | Gauntlet | Found a transporter.
 14780 | Gauntlet | Noticed a great orb of eyes
 14781 | Gauntlet | Found a transporter.
 14786 | Gauntlet | Found a transporter.
 14836 | Gauntlet | Found a transporter.
 14988 | Gauntlet | Slain by a catoblepas

Illustrated notes

Levels and vault maps discovered:
D:1:      minmay_arrival_stone_box, layout_basic,
          hellmonk_ecumenical_altar_zigzags
D:2:      layout_basic, basic_altar, skrybe_limestone_x, uniq_natasha
D:3:      layout_loops_ring, uniq_jessica, uniq_terence, uniq_crazy_yiuf_cottage
D:4:      minmay_inner_zag, layout_basic, serial_shops, shop, shop, shop
D:5:      layout_gridville, mainiacjoe_overflow_cross_hatched,
          grunt_temple_overflow_growth_and_decay, serial_shops, shop,
          gammafunk_ghost_arena, uniq_ijyb, uniq_edmund, uniq_grinder,
          uniq_eustachio, uniq_menkaure, uniq_prince_ribbit1
D:6:      layout_loops_cross, minmay_temple_entry_mini_moons, uniq_pikel
D:7:      layout_cave_pools, serial_park, serial_park_square1
          [serial_park_minivault_5x5_5], serial_park_square1
          [serial_park_minivault_5x5_8], serial_park_tiny_1, serial_park_square1
          [serial_park_minivault_5x5_4], serial_park_square1
          [serial_park_minivault_5x5_2], enter_bailey_2,
          minmay_increasing_density
D:8:      layout_basic, minitemple, uniq_erica
D:9:      layout_roguey
D:10:     layout_small_grid, bloody_trog,
          kennysheep_orc_monster_closet_entryway, eino_jars
D:11:     lemuel_ice_spiral_2, layout_stronghold, minmay_lair_entry_grove,
          serial_shops, shop, water_maze_lemuel
Temple:   compressed_dpeg_triangle_lava_temple
Lair:1:   layout_hall_layers
Lair:2:   gammafunk_boulding_lane, layout_cave_pods, gauntlet_entry_generic
Gauntlet: gammafunk_gauntlet_one_two_three [nicolae_gauntlet_arena_flowing_pool,
          nicolae_gauntlet_arena_blocks, gammafunk_gauntlet_arena_crates,
          nicolae_gauntlet_arena_quarters, nicolae_gauntlet_arena_t_cross,
          gammafunk_gauntlet_arena_teeth, gammafunk_gauntlet_arena_corners,
          nicolae_gauntlet_arena_grate_2, nicolae_gauntlet_swirl,
          nicolae_gauntlet_exit_dead_adventurers]

Skill      XL: |  1  2  3  4  5  6  7  8  9 10 11 12 |
---------------+-------------------------------------+-----
Shields        | 4 5 6 7 9 10 11 | 11.5
Fighting       | 4 5 6 7 8 10 | 10.6
Armour         | 4 5 6 8 9 11 | 11.8
Long Blades    | 3 4 5 6 8 9 11 13 | 13.8
Dodging        | 1 2 3 4 5 |  5.1
Stealth        | 1 2 |  2.8
Maces & Flails | 1 |  1.3
Evocations     | 1 |  1.8
Invocations    | 1 |  1.5

Action                     |  1- 3 |  4- 6 |  7- 9 | 10-12 || total
---------------------------+-------+-------+-------+-------++-------
  Melee: Long sword        |    56 |   141 |   340 |    99 ||   636
         Headbutt          |     4 |    26 |    63 |   112 ||   205
         Mace              |       |       |     9 |       ||     9
         Scimitar          |       |       |       |   406 ||   406
 Invoke: Heroism           |       |       |       |     9 ||     9
  Evoke: Wand              |       |       |     4 |     9 ||    13
    Use: Scroll            |     3 |     4 |     9 |     8 ||    24
         Potion            |     2 |       |     2 |     5 ||     9
   Stab: Paralysed         |       |       |     4 |       ||     4
 Armour: Scale mail        |    24 |    44 |    69 |       ||   137
         Chain mail        |       |       |    51 |    80 ||   131
         Plate armour      |       |       |       |    68 ||    68
  Dodge: Dodged            |    33 |    45 |   132 |   134 ||   344
  Block: Buckler           |    31 |    84 |   224 |   296 ||   635
         Reflection        |     1 |       |     9 |     9 ||    19
